Map: Zen LE

Players

ZhuGeLiang

  • Race: Zerg Zerg
  • League: Master
  • Spawn Location: 7:00

Ryu - Winner!

  • Race: Zerg Zerg
  • Spawn Location: 1:00

Event: NationWars 2019

VOD

Have the link to the VOD?

Description

Time

  • Played on: Dec. 8, 2019, 7:16 a.m.
  • Length: 12:24
Show
View Real Time Build Order
Export as new Build Order

ZhuGeLiang Zerg 

Build Orders: Hatch First, Lurkers 

Get SALT Encoding   

  12  0:01  Drone  
  13  0:12  Overlord  
  13  0:17  Drone  
  14  0:30  Drone x2  
  16  0:48  Hatchery  
  15  0:51  Drone  
  15  0:55  Drone  
  17  0:58  Drone  
  18  1:08  Extractor  
  17  1:14  Spawning Pool  
  17  1:17  Drone  
  17  1:20  Drone  
  18  1:28  Drone  
  19  1:38  Drone  
  20  1:49  Drone  
  21  2:00  Queen x2, Overlord  
  26  2:01  Drone  
  26  2:10  Drone  
  26  2:12  Metabolic Boost  
  26  2:13  Drone  
  28  2:22  Zergling x4  
  30  2:33  Drone x2  
  30  2:36  Queen  
  34  2:44  Hatchery  
  34  2:51  Drone  
  34  2:55  Baneling Nest  
  34  2:56  Overlord  
  33  2:59  Drone  
  33  3:03  Drone  
  35  3:08  Drone  
  36  3:13  Overlord  
  36  3:15  Drone  
  36  3:17  Drone x3  
  36  3:19  Drone  
  41  3:25  Drone  
  42  3:28  Drone  
  43  3:34  Drone  
  43  3:37  Drone  
  43  3:38  Baneling  
  45  3:43  Drone x2  
  45  3:44  Drone x4  
  45  3:46  Extractor  
  45  3:48  Drone  
  50  3:52  Drone  
  50  3:55  Lair  
  51  3:56  Extractor  
  51  3:57  Drone  
  51  4:00  Extractor  
  51  4:02  Drone x2  
  52  4:08  Drone  
  53  4:11  Drone  
  53  4:14  Zergling x2  
  53  4:15  Zergling x6  
  53  4:16  Overlord  
  58  4:20  Evolution Chamber  
  58  4:22  Overlord  
  58  4:23  Overlord  
  57  4:25  Baneling, Overlord  
  57  4:26  Drone  
  58  4:35  Drone x2  
  58  4:36  Drone  
  61  4:40  Drone x2  
  61  4:43  Drone x3  
  65  4:47  Drone  
  65  4:49  Drone  
  67  4:54  Drone x5  
  67  4:55  Hydralisk Den  
  67  4:57  Drone x2  
  67  4:58  Drone  
  74  5:01  Zerg Ground Armor Level 1  
  74  5:04  Drone x2  
  76  5:09  Drone  
  76  5:11  Extractor x2  
  75  5:17  Drone, Zergling x6  
  75  5:18  Zergling x2  
  80  5:26  Zergling x2  
  80  5:27  Zergling x4  
  80  5:28  Drone x2  
  85  5:32  Hatchery  
  85  5:35  Overlord  
  84  5:36  Overlord  
  84  5:37  Lurker Den  
  84  5:39  Drone  
  84  5:40  Zergling x2, Overlord  
  84  5:41  Zergling x2  
  86  5:47  Zergling x8  
  86  5:49  Overlord  
  90  5:51  Overlord  
  90  5:56  Hydralisk x4  
  93  6:03  Overseer  
  93  6:05  Hydralisk x3  
  93  6:07  Baneling x3  
  93  6:10  Hydralisk  
  97  6:18  Hydralisk x3  
  92  6:24  Hydralisk  
  95  6:29  Hydralisk  
  81  6:36  Lurker x3  
  81  6:37  Lurker x2  
  78  6:46  Hydralisk x3  
  71  6:52  Drone  
  71  6:53  Drone  
  71  6:58  Drone x2  
  71  6:59  Drone  
  74  7:04  Drone x2  
  64  7:24  Drone  
  64  7:25  Drone x4  
  67  7:34  Spawning Pool  
  57  8:07  Drone x3  
  57  8:10  Extractor  
  59  8:21  Drone x2  
  59  8:24  Lair, Spine Crawler  
  59  8:26  Zergling x2  
  64  8:27  Zergling x12  
  64  8:28  Zerg Missile Weapons Level 1  
  64  8:32  Zergling x2  
  68  8:36  Queen  
  68  8:40  Zergling x4  
  72  8:43  Zergling x6  
  75  9:00  Zergling x8  
  77  9:07  Roach Warren  
  76  9:21  Zergling x12  
  82  9:26  Overseer  
  82  9:29  Zergling x4  
  82  9:30  Hydralisk Den  
  83  9:37  Zergling x2  
  84  9:40  Zergling x8  
  88  9:48  Glial Reconstitution  
  88  9:52  Roach x2  
  92  9:59  Muscular Augments  
  92  10:00  Hydralisk x4  
  92  10:04  Lurker Den  
  99  10:10  Hydralisk x4  
  105  10:17  Overlord  
  102  10:22  Drone  
  103  10:30  Overlord  
  103  10:32  Hatchery  
  100  10:38  Hydralisk x3  
  100  10:39  Hydralisk  
  94  10:50  Hydralisk x2  
  94  10:56  Hydralisk  
  88  11:08  Hydralisk x7  
  89  11:14  Roach  
  85  11:24  Infestation Pit  
  85  11:25  Drone x2  
  86  11:41  Roach  
  86  11:42  Roach x2  
  90  11:58  Roach x8  
  90  12:00  Zergling x4  
  87  12:05  Roach x2  
Show
View Real Time Build Order
Export as new Build Order

Ryu Zerg - Winner!

Build Orders: Hatch First 

Get SALT Encoding   

  12  0:00  Drone  
  13  0:12  Overlord  
  13  0:17  Drone  
  14  0:30  Drone x2  
  16  0:50  Hatchery  
  16  0:53  Drone  
  16  0:55  Drone  
  17  0:59  Drone  
  17  1:03  Extractor  
  17  1:14  Spawning Pool  
  17  1:17  Drone  
  17  1:21  Drone  
  18  1:29  Drone  
  19  1:39  Drone  
  20  1:49  Overlord  
  20  2:02  Zergling x2, Queen x2  
  20  2:03  Zergling x2  
  20  2:07  Metabolic Boost  
  26  2:11  Drone  
  27  2:16  Drone  
  28  2:24  Drone x2  
  30  2:38  Hatchery  
  29  2:46  Queen  
  29  2:48  Drone  
  32  2:55  Baneling Nest  
  32  2:58  Overlord  
  31  3:02  Drone  
  31  3:05  Drone  
  33  3:08  Drone x2  
  33  3:11  Drone  
  35  3:14  Zergling x2  
  35  3:17  Overlord  
  36  3:20  Drone  
  36  3:26  Evolution Chamber  
  36  3:27  Drone  
  37  3:29  Zergling x2  
  37  3:33  Drone  
  39  3:35  Zergling x2  
  39  3:36  Drone  
  39  3:41  Drone x2  
  43  3:46  Drone x3  
  45  3:52  Lair  
  45  3:55  Drone x2, Extractor  
  45  3:59  Drone x2  
  48  4:09  Roach Warren, Drone x2  
  49  4:17  Drone x5  
  50  4:21  Queen  
  55  4:29  Baneling  
  55  4:33  Queen  
  55  4:34  Overlord  
  55  4:35  Overlord x2  
  57  4:46  Baneling  
  57  4:48  Zergling x2  
  57  4:54  Roach x2  
  57  4:57  Nydus Network, Roach  
  57  4:59  Extractor  
  61  5:00  Roach  
  61  5:06  Roach  
  65  5:07  Zergling x8  
  65  5:08  Zergling x2  
  65  5:11  Queen x2  
  74  5:14  Roach  
  74  5:17  Roach  
  78  5:21  Roach  
  78  5:23  Zergling x2  
  78  5:24  Overlord  
  78  5:27  Baneling x2  
  81  5:37  Nydus Canal  
  81  5:39  Overlord x3  
  81  5:42  Overlord  
  81  5:48  Roach  
  81  5:49  Roach x3  
  87  6:07  Roach x5  
  97  6:12  Roach x2  
  101  6:20  Baneling  
  101  6:21  Roach x2  
  101  6:22  Zergling x2  
  101  6:23  Zergling x8  
  109  6:32  Spine Crawler  
  106  6:33  Roach x2  
  106  6:36  Roach  
  111  6:42  Overseer  
  104  6:48  Drone x3  
  104  6:53  Drone x2  
  101  6:56  Nydus Canal  
  101  7:00  Drone  
  96  7:05  Drone x2  
  96  7:06  Queen  
  96  7:08  Zerg Missile Weapons Level 1  
  99  7:11  Infestation Pit  
  99  7:12  Extractor  
  95  7:24  Drone x3  
  95  7:27  Roach x3  
  97  7:30  Drone  
  97  7:31  Glial Reconstitution  
  97  7:33  Drone  
  96  7:37  Roach  
  96  7:40  Drone x3  
  86  7:49  Drone x2  
  88  7:53  Roach  
  88  7:54  Extractor x2  
  88  7:57  Roach  
  90  8:01  Roach  
  90  8:02  Drone  
  93  8:17  Hive  
  93  8:22  Drone x3  
  96  8:27  Drone x4  
  96  8:28  Drone x2  
  96  8:32  Overseer  
  96  8:33  Pneumatized Carapace  
  102  8:37  Ravager  
  102  8:38  Ravager  
  104  8:41  Drone x3  
  104  8:42  Drone x3  
  104  8:46  Roach x2  
  114  8:50  Hatchery  
  113  8:56  Roach x3  
  113  9:01  Drone x3  
  122  9:04  Zerg Missile Weapons Level 2  
  122  9:07  Overlord  
  122  9:16  Overlord x3  
  122  9:29  Overlord x2  
  122  9:31  Viper x2  
  122  9:33  Hatchery, Overlord x2  
  122  9:35  Viper  
  130  9:40  Roach  
  130  9:41  Roach x4  
  140  9:46  Roach x3  
  140  9:51  Roach x2  
  150  9:57  Roach x3  
  150  9:58  Extractor  
  150  9:59  Ravager x2  
  157  10:02  Roach, Extractor  
  157  10:03  Roach  
  157  10:06  Overseer  
  160  10:12  Drone x2  
  162  10:26  Roach x6  
  174  10:31  Roach x3  
  174  10:32  Roach x2  
  183  10:40  Nydus Canal  
  183  10:47  Roach x2  
  183  10:48  Roach x2  
  187  10:51  Roach  
  187  10:52  Roach, Overlord x2  
  187  10:53  Overlord  
  167  11:05  Roach  
  167  11:06  Roach x7  
  162  11:14  Roach x5  
  162  11:15  Overseer  
  162  11:18  Viper x2  
  163  11:22  Ravager  
  163  11:23  Drone x2  
  163  11:24  Drone x2  
  174  11:29  Roach  
  174  11:35  Ravager  
  174  11:36  Ravager x2  
  177  11:42  Ravager  
  177  11:44  Overseer  
  177  11:56  Roach  
  177  11:57  Roach x10  
  177  12:00  Roach  
  177  12:01  Roach x3  
  184  12:05  Roach x3  
Tags
 
Composition
Lurkers
League
Master
Matchup
ZvZ
Race
Zerg
Spawn Locations
Cross Positions
Add a new tag
Caveats
  • Supply blocks, unpowered buildings, or Contaminate may cause inaccurate times.
  • Supply counts are checked every 10 seconds.